[Event "WJCC U20 Girls 2019"]
[Site "New Delhi"]
[Date "2019.10.24"]
[Round "10.5"]
[White "Kiolbasa, Oliwia"]
[Black "Assaubayeva, Bibisara"]
[Result "0-1"]
[ECO "D10"]
[WhiteElo "2223"]
[BlackElo "2381"]
[Annotator "NA"]
[PlyCount "178"]
[EventDate "2019.10.15"]
[EventType "swiss"]
[EventCountry "IND"]
[SourceTitle "playchess.com"]
[Source "ChessBase"]
[SourceQuality "1"]
[TimeControl "40/5400+30:1800+30"]

1. d4 d5 2. c4 c6 3. cxd5 cxd5 4. Bf4 Nf6 5. e3 e6 6. Nc3 Nc6 7. Bd3 Bd6 8. Bxd6 Qxd6 9. f4 Bd7 10. Nf3 Nb4 11. O-O Nxd3 12. Qxd3 O-O 13. Rac1 Rfc8 14. Ne5 Rc7 15. g4 $11 Rac8 16. g5 Ne4 17. Nxe4 dxe4 18. Qd2 Bb5 19. Rfe1 Qd8 20. Ng4 Bc4 21. b3 Bd3 22. Rxc7 Qxc7 23. Ne5 Qc3 24. Qxc3 Rxc3 25. Nxd3 exd3 26. Rd1 Kf8 27. Rd2 Rc2 28. Rxd3 Rxa2 29. Rc3 g6 30. h3 Rb2 31. Kf1 b5 32. Ke1 b4 33. Rd3 Ke7 34. e4 a5 35. Rf3 Kd6 36. Re3 Rc2 37. Rf3 Kc6 38. Rd3 Rb2 39. Kf1 Kd6 40. Ke1 Ra2 41. d5 exd5 42. Rxd5+ Kc6 43. Kd1 Rf2 44. Rxa5 Rxf4 45. Ra7 Kc5 46. Rd7 Rf3 47. Kc2 Rc3+ 48. Kb2 Rxh3 49. Rc7+ Kd6 50. Rxf7 Rh2+ 51. Kc1 Ke5 52. Rb7 Kf4 53. Rxb4 Kxg5 54. Rb8 Re2 55. b4 Rxe4 56. b5 Rd4 57. b6 h5 58. Rc8 Rb4 59. Rc5+ Kh6 60. Rc6 h4 61. Kd2 h3 62. Ke3 Rb1 63. b7 Rxb7 64. Kf2 Rb3 65. Kg1 Kh5 66. Kh2 g5 67. Rc8 Kh4 68. Rh8+ Kg4 69. Ra8 Rb2+ 70. Kh1 Kh4 71. Ra4+ g4 72. Rc4 Kg3 73. Rc3+ Kh4 74. Rc4 Re2 75. Ra4 Kg3 76. Ra3+ Kf4 77. Ra8 Kf3 78. Ra3+ Re3 79. Ra1 Kf2 80. Kh2 Re2 81. Ra3 Re3 82. Ra1 Re8 83. Ra2+ Kf3 84. Ra3+ Re3 85. Ra1 Re2+ 86. Kh1 g3 87. Rb1 Rf2 88. Kg1 Kg4 89. Ra1 h2+ 0-1

[Event "WJCC U20 Girls 2019"]
[Site "New Delhi"]
[Date "2019.10.24"]
[Round "10.8"]
[White "Chitlange Sakshi"]
[Black "Song, Yuxin"]
[Result "0-1"]
[ECO "D30"]
[WhiteElo "2175"]
[BlackElo "2292"]
[Annotator "NA"]
[PlyCount "90"]
[EventDate "2019.10.15"]
[EventType "swiss"]
[EventCountry "IND"]
[SourceTitle "playchess.com"]
[Source "ChessBase"]
[SourceQuality "1"]
[TimeControl "40/5400+30:1800+30"]

1. d4 d5 2. c4 e6 3. Nf3 a6 4. Nc3 dxc4 5. e3 b5 6. a4 b4 7. Nb1 c5 8. Bxc4 Bb7 9. O-O Nf6 10. Qe2 Nbd7 11. a5 Be7 12. Nbd2 cxd4 13. Nxd4 Nc5 14. N2b3 O-O 15. f3 Nxb3 16. Nxb3 Bd5 17. e4 Bxc4 18. Qxc4 Qc8 19. Qe2 Nd7 20. Be3 Qb7 21. Rac1 Rac8 22. Kh1 h6 23. Bd4 Bg5 24. Be3 Be7 25. Rfd1 Rxc1 26. Rxc1 Rc8 27. Qd1 Rxc1 28. Qxc1 Bd6 29. Qd1 Qc6 30. g3 Ne5 31. Bf4 g5 32. Bxe5 Bxe5 33. Qe2 Qa4 34. Nc5 Qxa5 35. Nxa6 Bxb2 36. Kg2 Bd4 37. Qc4 b3 38. Qxd4 Qa2+ 39. Kh3 b2 40. Qd8+ Kg7 41. Nc7 b1=Q 42. Ne8+ Kh7 43. Qf6 Qf1+ 44. Kg4 h5+ 45. Kxg5 Qb5+ 0-1

[Event "WJCC U20 Girls 2019"]
[Site "New Delhi"]
[Date "2019.10.24"]
[Round "10.9"]
[White "Altantuya, Boldbaatar"]
[Black "Aakanksha Hagawane"]
[Result "0-1"]
[ECO "D01"]
[WhiteElo "2277"]
[BlackElo "2181"]
[Annotator "NA"]
[PlyCount "128"]
[EventDate "2019.10.15"]
[EventType "swiss"]
[EventCountry "IND"]
[SourceTitle "playchess.com"]
[Source "ChessBase"]
[SourceQuality "1"]
[TimeControl "40/5400+30:1800+30"]

1. d4 Nf6 2. Bg5 d5 3. Nc3 Bf5 4. Nf3 Nbd7 5. e3 g6 6. Qd2 Bg7 7. O-O-O c6 8. h3 b5 9. Ne5 $2 {[#]} (9. g4 $11 {and White is okay.} Ne4 10. Qe1 Nxc3 11. Qxc3) 9... b4 $19 10. Na4 Ne4 11. Nxc6 Nxd2 12. Nxd8 Ne4 13. Nc6 Nxg5 14. Nxb4 Be6 15. Nc3 Nb6 16. Bb5+ Kf8 17. Bc6 Rc8 18. Bb7 Rxc3 19. bxc3 Ne4 20. Rdf1 Nxc3 21. Ba6 Bd7 22. Kd2 Ne4+ 23. Ke2 e5 24. dxe5 Bxe5 25. Nd3 Bd6 26. Ra1 Ke7 27. Rhe1 Bc8 28. Bxc8 Rxc8 29. Kf1 Rxc2 30. Re2 Rc3 31. Rd1 Ra3 32. Rc2 Nc3 33. Ra1 Nc4 34. Nc1 Be5 35. Nb3 a5 36. Nd4 Bxd4 37. exd4 Nb5 38. Rd1 Kd6 39. Ke1 Ra4 40. Rd3 Rb4 41. f3 a4 42. Kf2 a3 43. Kg3 Nb2 44. Rdd2 Rxd4 45. Rxd4 Nxd4 46. Rc8 Nc4 47. Rd8+ Ke6 48. Re8+ Kd7 49. Re1 Nc2 50. Re2 Nb4 51. Kf4 f5 52. g4 Nd3+ 53. Kg5 fxg4 54. hxg4 Ndb2 55. Rh2 d4 56. Rxh7+ Ke6 57. f4 d3 58. Kxg6 d2 59. f5+ Kd6 60. Rh1 Ne5+ 61. Kh5 d1=Q 62. Rxd1+ Nxd1 63. g5 Ke7 64. g6 Kf6 0-1

[Event "WJCC U20 Girls 2019"]
[Site "New Delhi"]
[Date "2019.10.24"]
[Round "10.10"]
[White "Avetisyan, Mariam"]
[Black "Zhu, Jiner"]
[Result "1/2-1/2"]
[ECO "A05"]
[WhiteElo "2110"]
[BlackElo "2507"]
[Annotator "ChessBase"]
[PlyCount "124"]
[EventDate "2019.10.15"]
[EventType "swiss"]
[EventCountry "IND"]
[SourceTitle "playchess.com"]
[Source "ChessBase"]
[SourceQuality "1"]
[TimeControl "40/5400+30:1800+30"]

1. Nf3 Nf6 2. d4 e6 3. g3 d5 4. Bg2 Be7 5. O-O O-O 6. c4 dxc4 7. Qc2 b5 8. a4 b4 9. Nbd2 Bb7 10. Nxc4 Be4 11. Qd1 Nbd7 12. Bd2 Qc8 13. Rc1 Qb7 14. Nh4 Bxg2 15. Nxg2 c5 16. Bf4 cxd4 17. Qxd4 Nc5 18. Qd1 Rfd8 19. Qc2 b3 20. Qb1 Nxa4 21. Na5 Qb5 22. Nc6 Rd7 23. Nxe7+ Rxe7 24. Rfe1 Nd5 25. Be5 f6 26. Bd6 Rd7 27. Ba3 Rad8 28. Qe4 e5 29. Nh4 g6 30. Qf3 Kg7 31. Qg4 Kf7 32. Nf3 Ndb6 33. Qe4 a5 34. h4 Qd5 35. Qe3 Kg7 36. Nh2 h5 37. Nf1 Qe6 38. Qf3 e4 39. Qe3 Kh7 40. Kh2 f5 41. Kg1 Rf7 42. Red1 Rxd1 43. Rxd1 f4 44. gxf4 Qg4+ 45. Ng3 Qxf4 46. Nxe4 Qxe3 47. fxe3 Kg7 48. Rd3 Rc7 49. Kf2 Nc4 50. Rxb3 Nxa3 51. bxa3 Rc4 52. Rb7+ Kh6 53. Nf6 Rxh4 54. Ng8+ Kg5 55. Rb5+ Kg4 56. Rxa5 Nc3 57. Nf6+ Kh3 58. Rg5 Rc4 59. Rxg6 Rc6 60. Nxh5 Ne4+ 61. Kf3 Nd2+ 62. Kf2 Ne4+ 1/2-1/2

[Event "WJCC U20 Girls 2019"]
[Site "New Delhi"]
[Date "2019.10.24"]
[Round "10.11"]
[White "Arpita, Mukherjee"]
[Black "Diakonova, Ekaterina"]
[Result "1/2-1/2"]
[ECO "B12"]
[WhiteElo "2271"]
[BlackElo "2231"]
[Annotator "NA"]
[PlyCount "129"]
[EventDate "2019.10.15"]
[EventType "swiss"]
[EventCountry "IND"]
[SourceTitle "playchess.com"]
[Source "ChessBase"]
[SourceQuality "1"]
[TimeControl "40/5400+30:1800+30"]

1. e4 c6 2. d4 d5 3. e5 Bf5 4. Nf3 e6 5. Be2 Bb4+ 6. Nbd2 {[%emt 0:01:40] B12: Caro-Kann: Advance Variation} Nd7 7. O-O Ba5 8. Nb3 Bc7 9. Ne1 h6 $146 ({Predecessor:} 9... f6 10. Bh5+ g6 11. Be2 g5 12. Bd3 Bg6 13. exf6 Qxf6 {1-0 (25) Sjugirov,S (2627)-Carlsen,M (2826) Khanty-Mansiysk 2010}) 10. f4 Ne7 11. a4 a5 12. Bd3 Bxd3 13. Qxd3 O-O 14. c3 b6 15. Nc2 c5 16. Qh3 Rc8 17. Ne3 f5 18. exf6 Rxf6 19. Ng4 Rf7 20. Re1 Nf8 $11 21. dxc5 bxc5 22. Be3 c4 23. Nd4 Bxf4 24. Bxf4 Rxf4 25. Qg3 Neg6 26. Nxe6 Qb6+ 27. Nd4 Rd8 28. Re2 h5 29. Ne5 h4 30. Qg5 Rf6 31. Ng4 Rfd6 32. Rae1 Nh7 33. Qd2 Nf6 34. Nxf6+ Rxf6 35. Re6 Rd6 36. Re8+ Rf8 37. h3 Rdf6 38. Rxf8+ Nxf8 39. Kh1 Ng6 40. Re8+ Kf7 41. Qe2 Nf4 42. Qe7+ Kg6 43. Rg8 Rf7 44. Qxh4 Qxb2 45. Qg4+ Kh7 46. Ra8 g6 47. Ne6 Qf2 48. Nxf4 Qxf4 49. Qxf4 Rxf4 50. Rxa5 Rf1+ 51. Kh2 Rc1 52. Rxd5 Rxc3 53. Rc5 Rc2 54. a5 Ra2 55. Rxc4 Rxa5 56. Kg3 Ra2 57. Kf3 Kh6 58. Rc5 Ra3+ 59. Kg4 Ra4+ 60. Kg3 Ra3+ 61. Kf4 Ra4+ 62. Kf3 Ra3+ 63. Kf4 Ra4+ 64. Kf3 Ra3+ 65. Ke4 1/2-1/2

[Event "WJCC U20 Girls 2019"]
[Site "New Delhi"]
[Date "2019.10.24"]
[Round "10.12"]
[White "Cervantes Landeiro, Thalia"]
[Black "Protopopova, Anastasiya"]
[Result "1/2-1/2"]
[ECO "D12"]
[WhiteElo "2176"]
[BlackElo "2263"]
[Annotator "NA"]
[PlyCount "132"]
[EventDate "2019.10.15"]
[EventType "swiss"]
[EventCountry "IND"]
[SourceTitle "playchess.com"]
[Source "ChessBase"]
[SourceQuality "1"]
[TimeControl "40/5400+30:1800+30"]

1. d4 d5 2. c4 c6 3. Nf3 Nf6 4. e3 Bf5 5. Nc3 e6 6. Nh4 Be4 7. f3 Bg6 8. Qb3 Qc7 9. Bd2 Be7 10. O-O-O dxc4 11. Bxc4 b5 12. Be2 Nbd7 13. Nxg6 hxg6 14. g3 e5 15. Kb1 a6 16. dxe5 Nc5 17. Qc2 Qxe5 18. f4 Qe6 19. Bf3 O-O 20. Ne2 Qf5 21. Qxf5 gxf5 22. Bxc6 Rac8 23. Nd4 g6 24. Bb4 Rc7 25. Ba5 Rcc8 26. Rc1 Nfe4 27. Bb4 Bd6 28. Rc2 Nd3 29. Bxd6 Nxd6 30. a3 Ne4 31. Rd1 Ndf2 32. Rdc1 Nd3 33. Rf1 b4 34. Bxe4 fxe4 35. Nc6 Kg7 36. Nxb4 Nxb4 37. axb4 Rxc2 38. Kxc2 Rc8+ 39. Kd2 Rc4 40. Ra1 Rxb4 41. Kc3 Rb6 42. Ra4 f5 43. g4 Rd6 44. gxf5 gxf5 45. Ra3 Kg6 46. Kc4 Kh5 47. Kc5 Rh6 48. Kd4 Rb6 49. Ke5 Rb5+ 50. Kf6 a5 51. Ra1 Kg4 52. Rg1+ Kf3 53. Rg3+ Kf2 54. Ke6 a4 55. Kf6 Rxb2 56. Kxf5 a3 57. Rg8 Rb5+ 58. Kxe4 Ra5 59. Rc8 Ra4+ 60. Ke5 a2 61. Rc1 a1=Q+ 62. Rxa1 Rxa1 63. f5 Kxe3 64. f6 Ra5+ 65. Ke6 Ra6+ 66. Ke7 Ra7+ 1/2-1/2

[Event "WJCC U20 Girls 2019"]
[Site "New Delhi"]
[Date "2019.10.24"]
[Round "10.13"]
[White "Narva, Mai"]
[Black "Pandey Srishti"]
[Result "1/2-1/2"]
[ECO "C06"]
[WhiteElo "2378"]
[BlackElo "1963"]
[Annotator "NA"]
[PlyCount "134"]
[EventDate "2019.10.15"]
[EventType "swiss"]
[EventCountry "IND"]
[SourceTitle "playchess.com"]
[Source "ChessBase"]
[SourceQuality "1"]
[TimeControl "40/5400+30:1800+30"]

1. e4 e6 2. d4 d5 3. Nd2 Nf6 4. e5 Nfd7 5. Bd3 c5 6. c3 Nc6 7. Ne2 cxd4 8. cxd4 f6 9. exf6 Nxf6 10. O-O Bd6 11. Nf3 O-O 12. Bf4 Ne4 13. Qc1 Qf6 $14 14. Bxd6 Nxd6 15. Qe3 Ne7 16. Rac1 Nef5 17. Qe5 Bd7 18. Nf4 Ne8 19. g3 Rd8 20. Rfe1 g6 21. Bxf5 Qxf5 22. Ng5 Ng7 23. Qxf5 Rxf5 24. Ngxe6 Bxe6 25. Nxe6 Nxe6 26. Rxe6 Kf7 27. Re2 Rd7 28. h4 Rf3 29. Rd2 Ke6 30. Rc8 Kd6 31. Kg2 Rff7 32. f3 Rc7 33. Rd8+ Rfd7 34. Rxd7+ Kxd7 35. Kf2 Rc1 36. g4 Kd6 37. Kg3 h6 38. Kg2 b5 39. f4 Ke6 40. b3 Kf6 41. f5 h5 42. fxg6 Kxg6 43. Re2 hxg4 44. Re5 Rc2+ 45. Kg3 Rxa2 46. Rxd5 b4 47. Rb5 a5 48. Kxg4 Rg2+ 49. Kf4 Rf2+ 50. Ke4 Rb2 51. Rg5+ Kf6 52. Rf5+ Ke7 53. Rxa5 Rxb3 54. Kd5 Rh3 55. Ra7+ Ke8 56. Kd6 Rxh4 57. Ra8+ Kf7 58. d5 b3 59. Rb8 Rh3 60. Kd7 Kf6 61. d6 Ke5 62. Rb5+ Kd4 63. Kc7 Rh7+ 64. d7 Kc3 65. Kc8 Rxd7 66. Kxd7 b2 67. Rxb2 Kxb2 1/2-1/2

[Event "WJCC U20 Girls 2019"]
[Site "New Delhi"]
[Date "2019.10.24"]
[Round "10.14"]
[White "Potapova, Margarita"]
[Black "Katkov, Michelle"]
[Result "0-1"]
[ECO "E15"]
[WhiteElo "2377"]
[BlackElo "2106"]
[Annotator "NA"]
[PlyCount "108"]
[EventDate "2019.10.15"]
[EventType "swiss"]
[EventCountry "IND"]
[SourceTitle "playchess.com"]
[Source "ChessBase"]
[SourceQuality "1"]
[TimeControl "40/5400+30:1800+30"]

1. d4 Nf6 2. c4 e6 3. Nf3 b6 4. g3 Bb4+ 5. Bd2 a5 6. Bg2 O-O 7. O-O Ba6 8. Qc2 c5 9. e4 d5 10. Bg5 $14 Bxc4 11. e5 Bxf1 12. Bxf1 h6 13. Bh4 g5 14. Nxg5 hxg5 15. Bxg5 cxd4 16. exf6 Nd7 17. Qd1 Nxf6 18. Qxd4 Be7 19. Bh6 Re8 20. Bb5 Kh7 21. Bxe8 Nxe8 22. Bd2 Bf6 23. Qd3+ Kg8 24. Nc3 Nd6 25. Re1 Nc4 26. Bc1 Rc8 27. Kg2 Qc7 28. Qf3 Bg7 29. Qg4 Ne5 30. Qd1 Qc4 31. Bg5 Nd3 32. Re2 b5 33. Rd2 Nxb2 34. Rxb2 Bxc3 35. Rc2 Qe4+ 36. f3 Qg6 37. Bc1 Rc4 38. Re2 Qb1 39. Rc2 Bg7 40. Rxc4 bxc4 41. Qd2 c3 42. Qg5 Qxa2+ 43. Kh3 Qc4 44. Bf4 Qf1+ 45. Kh4 Qxf3 46. Qe7 Qe4 47. Qe8+ Bf8 48. Kh3 c2 49. Bh6 Qb4 50. Qc8 Qc5 51. Qxc5 Bxc5 52. Bc1 a4 53. Kg2 a3 54. Kf3 a2 0-1

[Event "WJCC U20 Girls 2019"]
[Site "New Delhi"]
[Date "2019.10.24"]
[Round "10.15"]
[White "Ghosh Samriddhaa"]
[Black "Yakubbaeva, Nilufar"]
[Result "0-1"]
[ECO "B92"]
[WhiteElo "1867"]
[BlackElo "2281"]
[Annotator "NA RC"]
[PlyCount "78"]
[EventDate "2019.10.15"]
[EventType "swiss"]
[EventCountry "IND"]
[SourceTitle "playchess.com"]
[Source "ChessBase"]
[SourceQuality "1"]
[TimeControl "40/5400+30:1800+30"]

1. e4 c5 2. Nf3 d6 3. d4 cxd4 4. Nxd4 Nf6 5. Nc3 a6 6. Be2 e5 7. Nb3 Be7 8. O-O Be6 9. Be3 Nbd7 10. a4 Rc8 11. Qd2 O-O 12. a5 Ng4 13. Bxg4 Bxg4 14. Nd5 Be6 15. Rac1 Nf6 16. Nxf6+ Bxf6 17. Qb4 Rc4 18. Qxb7 Qc8 19. Qb6 Rxe4 20. Qxd6 Bh3 21. f3 Rxe3 22. Qd2 Bg5 23. gxh3 Bf4 24. c3 Qc4 25. Qd1 Rd3 26. Qe2 Bxc1 27. Nxc1 Qc5+ 28. Kh1 Rd6 29. Nb3 Qc6 30. Qxe5 Rd5 31. Qe4 Re8 32. Nd4 Qd7 33. Qg4 Qxg4 34. hxg4 Rxa5 35. Rc1 Ra2 36. b4 f6 37. f4 Re4 38. Rf1 Ra3 39. Rf3 Rxd4 0-1

[Event "WJCC U20 Girls 2019"]
[Site "New Delhi"]
[Date "2019.10.24"]
[Round "10.16"]
[White "Zhang, Xiao"]
[Black "Olde, Margareth"]
[Result "1/2-1/2"]
[ECO "A88"]
[WhiteElo "2053"]
[BlackElo "2205"]
[Annotator "NA"]
[PlyCount "118"]
[EventDate "2019.10.15"]
[EventType "swiss"]
[EventCountry "IND"]
[SourceTitle "playchess.com"]
[Source "ChessBase"]
[SourceQuality "1"]
[TimeControl "40/5400+30:1800+30"]

1. d4 f5 2. Nf3 Nf6 3. g3 g6 4. Bg2 Bg7 5. O-O O-O 6. c4 d6 7. Nc3 c6 8. d5 e5 9. dxe6 Bxe6 10. b3 Na6 11. Ng5 Bc8 12. Bb2 h6 13. Nf3 Be6 14. Qc2 Qe7 15. Rad1 Rad8 16. Ba3 Bf7 17. Nd2 Nc5 $11 18. e4 fxe4 19. Ndxe4 Nfxe4 20. Nxe4 Nxe4 21. Bxe4 Qe6 22. Rfe1 Rfe8 23. Re3 Qf6 24. Bb4 Re6 25. Bc3 Qg5 26. h4 Qc5 27. Bxg7 Kxg7 28. Qc3+ Kg8 29. Bd5 Rxe3 30. Bxf7+ Kxf7 31. fxe3 Ke6 32. Kg2 Qe5 33. Qd4 Rf8 34. Rd2 b6 35. Qg4+ Qf5 36. Qf4 Qxf4 37. gxf4 d5 38. cxd5+ cxd5 39. Kf3 Rc8 40. h5 gxh5 41. Rh2 Rc3 42. Rxh5 d4 43. Rxh6+ Kd7 44. Ke4 dxe3 45. Rh2 b5 46. Re2 b4 47. Rxe3 Rc2 48. Kf5 Rxa2 49. Kf6 Rc2 50. f5 Rc3 51. Re7+ Kc6 52. Rxa7 Rxb3 53. Kf7 Rb1 54. Ra6+ Kc7 55. f6 b3 56. Ra3 Kd6 57. Kf8 b2 58. Rb3 Rf1 59. Rxb2 Rxf6+ 1/2-1/2

[Event "WJCC U20 Girls 2019"]
[Site "New Delhi"]
[Date "2019.10.24"]
[Round "10.17"]
[White "Lakshmi C"]
[Black "Priyanka, Kumari"]
[Result "1-0"]
[ECO "B90"]
[WhiteElo "1859"]
[BlackElo "1921"]
[Annotator "NA RC"]
[PlyCount "83"]
[EventDate "2019.10.15"]
[EventType "swiss"]
[EventCountry "IND"]
[SourceTitle "playchess.com"]
[Source "ChessBase"]
[SourceQuality "1"]
[TimeControl "40/5400+30:1800+30"]

1. e4 c5 2. Nf3 d6 3. d4 cxd4 4. Nxd4 Nf6 5. Nc3 a6 6. a4 g6 7. Be2 Bg7 8. O-O O-O 9. Bf3 Nbd7 10. Bg5 Ne5 $11 11. Be2 Nc6 12. Be3 Bd7 13. Kh1 Rc8 14. f4 Qc7 15. Nb3 Be6 16. Nd5 Bxd5 17. exd5 Nb4 18. c4 Ne4 19. Qb1 Nc5 20. Nxc5 dxc5 21. Bd2 Qb6 22. f5 a5 23. Bc3 Qd6 24. Qe4 Rce8 25. Bg4 b6 26. Rf3 h5 27. Bxh5 gxh5 28. Bxg7 Kxg7 29. Rg3+ Kh6 30. Qe3+ Kh7 31. Qe2 h4 32. Rg5 Rg8 33. Qh5+ Qh6 34. Qxf7+ Rg7 35. Rxg7+ Qxg7 36. Qh5+ Qh6 37. Qxe8 h3 38. Qxe7+ Kh8 39. Qe8+ Kh7 40. Qf7+ Kh8 41. Re1 hxg2+ 42. Kg1 1-0

[Event "WJCC U20 Girls 2019"]
[Site "New Delhi"]
[Date "2019.10.24"]
[Round "10.18"]
[White "Sapale Saloni"]
[Black "Nastase, Andreea-Cristina"]
[Result "0-1"]
[ECO "B90"]
[WhiteElo "2142"]
[BlackElo "2077"]
[Annotator "NA RC"]
[PlyCount "88"]
[EventDate "2019.10.15"]
[EventType "swiss"]
[EventCountry "IND"]
[SourceTitle "playchess.com"]
[Source "ChessBase"]
[SourceQuality "1"]
[TimeControl "40/5400+30:1800+30"]

1. e4 c5 2. Nf3 d6 3. d4 cxd4 4. Nxd4 Nf6 5. Nc3 a6 6. Be3 e6 7. f3 b5 8. Qd2 Bb7 9. g4 h6 10. O-O-O Nbd7 11. h4 b4 12. Nce2 d5 13. exd5 Nxd5 14. Ng3 Be7 15. Nh5 Kf8 16. Bf2 Qa5 17. Kb1 Rc8 18. Nb3 Qc7 19. Be2 g6 20. Ng3 Bd6 21. Nf1 Bf4 22. Be3 N7f6 23. Bxf4 Qxf4 24. Na5 Qxd2 25. Rxd2 Ba8 26. Bxa6 Rc7 27. Nb3 Kg7 28. Ng3 Nf4 29. Rf1 Bd5 30. Ne4 Ra8 31. Nec5 Bxb3 32. Nxb3 Rxa6 33. g5 N6d5 34. Rc1 Rca7 35. c4 bxc3 36. bxc3 hxg5 37. hxg5 Nh3 38. Rg2 Ndf4 39. Rd2 Nxg5 40. c4 Nxf3 41. Rf2 Nd3 42. Rxf3 Nxc1 43. Nxc1 Rc6 44. Rc3 Rac7 0-1

[Event "WJCC U20 Girls 2019"]
[Site "New Delhi"]
[Date "2019.10.24"]
[Round "10.19"]
[White "Dwilewicz, Katarzyna"]
[Black "Bhagyashree Patil"]
[Result "1-0"]
[ECO "C90"]
[WhiteElo "2106"]
[BlackElo "1802"]
[Annotator "NA"]
[PlyCount "151"]
[EventDate "2019.10.15"]
[EventType "swiss"]
[EventCountry "IND"]
[SourceTitle "playchess.com"]
[Source "ChessBase"]
[SourceQuality "1"]
[TimeControl "40/5400+30:1800+30"]

1. e4 e5 2. Nf3 Nc6 3. Bb5 a6 4. Ba4 Nf6 5. O-O Be7 6. d3 b5 7. Bb3 d6 8. c3 O-O 9. Re1 Na5 10. Bc2 c5 11. Nbd2 Re8 12. Nf1 Bf8 13. h3 g6 14. Bd2 Nc6 15. Qc1 Bg7 16. Ng3 Bb7 17. Bh6 Bh8 18. a3 Rc8 19. Qd2 Nb8 20. b4 d5 21. Bb3 dxe4 22. dxe4 Qxd2 23. Bxd2 Bg7 24. Rad1 Bf8 25. Ng5 c4 26. Bc2 a5 27. Nf3 a4 28. Bg5 Kg7 29. Nf1 Nfd7 30. Ne3 f6 31. Bh4 Nb6 32. Nh2 Rcd8 33. Nhg4 Be7 34. f3 Nc8 35. Bg3 Bd6 36. Nd5 Bxd5 37. Rxd5 h5 38. Ne3 Na7 39. Red1 Be7 40. Bf2 Nbc6 41. Kf1 Kf7 42. Rd7 Ke6 43. Rb7 Rb8 44. Rdd7 Red8 45. Rdc7 Rxb7 46. Rxb7 Rd7 47. Rb6 Rd6 48. Nd5 Bd8 49. Ra6 Nc8 50. Bc5 Kd7 51. Bxd6 Nxd6 52. Ra8 Ne8 53. Ke2 Nc7 54. Rxd8+ Nxd8 55. Nxf6+ Ke6 56. Nd5 Ne8 57. h4 Nf7 58. Ke3 Nh6 59. Bd1 Nd6 60. Kf2 Ng8 61. Be2 Nh6 62. g3 Kd7 63. Bf1 Nhf7 64. Bh3+ Ke8 65. Ke3 g5 66. Nf6+ Ke7 67. Nxh5 gxh4 68. gxh4 Nh6 69. Ng3 Kf6 70. Bd7 Nhf7 71. Nf5 Nxf5+ 72. Bxf5 Nd6 73. Bd7 Ke7 74. Bc6 Kf6 75. f4 Ke6 76. h5 {[%emt 0:00:35] Kd5} 1-0

[Event "WJCC U20 Girls 2019"]
[Site "New Delhi"]
[Date "2019.10.24"]
[Round "10.20"]
[White "Ulziikhishigjargal, Ochirkhuyag"]
[Black "Tsotsonava, Elene"]
[Result "0-1"]
[ECO "B27"]
[WhiteElo "2194"]
[BlackElo "1905"]
[Annotator "NA"]
[PlyCount "98"]
[EventDate "2019.10.15"]
[EventType "swiss"]
[EventCountry "IND"]
[SourceTitle "playchess.com"]
[Source "ChessBase"]
[SourceQuality "1"]
[TimeControl "40/5400+30:1800+30"]

1. e4 c5 2. Nf3 b6 3. d4 cxd4 4. Nxd4 Bb7 5. Nc3 a6 6. Bd3 d6 7. O-O Nf6 8. Qe2 Qc7 9. Bd2 g6 10. Rae1 Bg7 11. Nb3 O-O 12. f4 e6 13. f5 Nbd7 14. Kh1 exf5 15. exf5 Rae8 16. Qf2 Ne5 17. h3 Nxd3 18. cxd3 Nh5 19. d4 d5 20. Rxe8 Rxe8 21. Re1 Rxe1+ 22. Qxe1 Ng3+ 23. Kg1 Nxf5 24. Qe8+ Bf8 25. Ne2 Bc6 26. Bf4 Qxf4 27. Qxf8+ Kxf8 28. Nxf4 a5 29. Ne2 Ke7 30. Kf2 Nd6 31. Nbc1 Ne4+ 32. Ke3 f5 33. Nf4 Kf6 34. Nfd3 g5 35. Ne5 Bb5 36. Nb3 f4+ 37. Kf3 Kf5 38. Nc1 h5 39. Ncd3 g4+ 40. hxg4+ hxg4+ 41. Ke2 Ng3+ 42. Kd2 Nf1+ 43. Ke2 Ke4 44. Kxf1 Bxd3+ 45. Ke1 g3 46. Nf3 Ke3 47. a3 Be4 48. Nh4 Kxd4 49. Kd2 Ke5 0-1

[Event "WJCC U20 Girls 2019"]
[Site "New Delhi"]
[Date "2019.10.24"]
[Round "10.21"]
[White "Ortiz Verdezoto, Anahi"]
[Black "Obregon Garcia, Roxangel"]
[Result "1/2-1/2"]
[ECO "D17"]
[WhiteElo "2055"]
[BlackElo "2267"]
[Annotator "NA"]
[PlyCount "89"]
[EventDate "2019.10.15"]
[EventType "swiss"]
[EventCountry "IND"]
[SourceTitle "playchess.com"]
[Source "ChessBase"]
[SourceQuality "1"]
[TimeControl "40/5400+30:1800+30"]

1. d4 d5 2. c4 c6 3. Nf3 Nf6 4. Nc3 dxc4 5. a4 Bf5 6. Ne5 Nbd7 7. Nxc4 Nb6 8. e3 Nxc4 9. Bxc4 e6 10. Bd3 Bg4 11. Be2 Bxe2 12. Qxe2 Bb4 13. O-O O-O 14. Rd1 $11 Qe7 15. e4 h6 16. Bf4 Rfd8 17. Rd3 c5 18. e5 Nd5 19. Nxd5 Rxd5 20. Rg3 Kh7 21. Qc2+ Kh8 22. Rh3 Qf8 23. dxc5 Qxc5 24. Qe2 Bd2 25. Bxd2 Qc2 26. Qd1 Qxd2 27. Qxd2 Rxd2 28. Rb3 Rad8 29. Kf1 R8d7 30. Rc1 R2d4 31. Ra1 Re4 32. Re3 Rxe3 33. fxe3 Rd2 34. b4 Rb2 35. b5 Rb4 36. Rc1 Kh7 37. Rc7 Kg6 38. Rxb7 Rxa4 39. Kf2 a6 40. bxa6 Rxa6 41. Kf3 Ra5 42. Kf4 h5 43. Rc7 Ra1 44. e4 Rf1+ 45. Kg3 1/2-1/2

[Event "WJCC U20 Girls 2019"]
[Site "New Delhi"]
[Date "2019.10.24"]
[Round "10.22"]
[White "Meghna, C H"]
[Black "Mrudul Dehankar"]
[Result "1/2-1/2"]
[ECO "B93"]
[WhiteElo "1956"]
[BlackElo "2227"]
[Annotator "NA"]
[PlyCount "138"]
[EventDate "2019.10.15"]
[EventType "swiss"]
[EventCountry "IND"]
[SourceTitle "playchess.com"]
[Source "ChessBase"]
[SourceQuality "1"]
[TimeControl "40/5400+30:1800+30"]

1. e4 c5 2. Nf3 d6 3. d4 cxd4 4. Nxd4 Nf6 5. Nc3 a6 6. f4 Qc7 7. a4 e6 8. Be2 Be7 9. O-O Nbd7 10. Bf3 O-O 11. Kh1 {[%emt 0:01:18] B84: Sicilian Scheveningen: 6 Be2 a6, lines without early Be3} Nb6 12. g4 ({Predecessor:} 12. Qe1 $146 e5 13. Nf5 Bxf5 14. exf5 Rfe8 15. g4 e4 16. Nxe4 Qxc2 17. Qc3 Rac8 18. Qxc2 Rxc2 {0-1 (58) Hou,Y (2617)-Dzagnidze,N (2545) Geneve 2013}) 12... Nfd7 13. g5 Re8 14. Bg2 Bf8 15. Qe1 e5 16. Nde2 exf4 17. Nxf4 Nc5 18. a5 Nc4 19. Nfd5 Qd8 20. Qg3 Be6 21. b3 Ne5 22. Bb2 Rc8 23. Rad1 Ncd7 24. b4 Rc4 25. Ne3 Rc6 26. Ba1 b6 27. axb6 Nxb6 28. Ne2 Qc8 29. Nd4 Rc7 30. Nef5 Bc4 31. Rf2 Nbd7 32. Rfd2 Qb7 33. c3 Ra8 34. Nc2 Bb3 35. Rb1 Ba4 36. Nce3 Bc6 37. Qf4 Ng6 38. Qf2 Bxe4 39. Nd5 Rc4 40. Bxe4 Rxe4 41. Qf3 Rae8 42. Rf1 Kh8 43. Ng3 Re1 44. Qxf7 Rxf1+ 45. Qxf1 Nb6 46. c4 Rc8 47. Kg1 Nxc4 48. Rd1 Nce5 49. Qe2 Qc6 50. Nf1 Re8 51. Nfe3 Qc8 52. Rf1 Qd8 53. Qg2 Be7 54. Nxe7 Qxe7 55. Nf5 Qd8 56. Bd4 Rf8 57. Qg3 Qd7 58. Ne3 Rxf1+ 59. Nxf1 Qb7 60. Bxe5 dxe5 61. Qd3 Qxb4 62. Qxa6 Qd4+ 63. Kh1 Qe4+ 64. Kg1 h6 65. gxh6 Qd4+ 66. Kh1 Qe4+ 67. Kg1 Qd4+ 68. Kh1 Qd5+ 69. Kg1 Qd4+ 1/2-1/2